 Dungeon Crawl Stone Soup version 0.30.0-10-gfe55d96785 (webtiles) character file.

Game seed: 12959994944657562310

142 GigaChad the Firebug (level 5, -2/29 HPs)
             Began as a Gargoyle Fire Elementalist on May 16, 2023.
             Slain by a goblin
             ... wielding a +0 club
             ... led by Robin
              (4 damage)
             ... on level 2 of the Dungeon.
             The game lasted 00:05:23 (2425 turns).

GigaChad the Firebug (Gargoyle Fire Elementalist)   Turns: 2425, Time: 00:05:25

Health: -2/29      AC:  6    Str: 12    XL:     5   Next: 25%
Magic:  11/18      EV: 12    Int: 17    God:
Gold:   84         SH:  0    Dex: 16    Spells: 9/10 levels left

rFire   . . .        d - +3 dagger "Ceutirat" {flame, rPois MP+9 Dex+6}
rCold   . . .        (no shield)
rNeg    + . .        a - +0 robe
rPois   ∞            (no helmet)
rElec   +            (no cloak)
rCorr   .            (no gloves)
SInv    .            (no boots)
Will    .....        (no amulet)
Stlth   ++           (no ring)
HPRegen 0.24/turn    (no ring)
MPRegen 0.16/turn

%: no passive effects
@: no status effects
A: sickness immunity, AC +4, negative energy resistance 1, electricity
resistance, torment resistance 1, petrification resistance
a: no special abilities


You were on level 2 of the Dungeon.
You visited 1 branch of the dungeon, and saw 2 of its levels.

You collected 84 gold pieces.

Inventory:

Hand Weapons
 d - the +3 dagger "Ceutirat" (weapon) {flame, rPois MP+9 Dex+6}
   (You found it on level 2 of the Dungeon)

   Dex:       It affects your dexterity (+6).
   rPois:     It protects you from poison.
   MP:        It affects your magic capacity (+9).
 e - a +0 dagger
 l - a +0 falchion
Armour
 a - a +0 robe (worn)
Scrolls
 f - 3 scrolls of identify
Potions
 b - 2 potions of magic
 c - a potion of attraction {unknown}
 g - a potion of heal wounds {unknown}
 h - a potion of mutation
 i - a potion of curing {unknown}


   Skills:
 * Level 1.5 Fighting
 * Level 1.1 Armour
 + Level 1.9 Dodging
 + Level 2.6 Stealth
 * Level 3.0 Spellcasting
 - Level 1.1 Conjurations
 * Level 4.2 Fire Magic


You had 9 spell levels left.
You knew the following spells:

 Your Spells              Type           Power      Damage    Failure   Level
a - Foxfire               Conj/Fire      44%        2x1d6     6%          1

Your spell library contained the following spells:

 Spells                   Type           Power      Damage    Failure   Level
 Scorch                   Fire           32%        2d6       4%          2
 Inner Flame              Hex/Fire       9%         N/A       22%         3
 Volatile Blastmotes      Fire/Tloc      18%        2d11      22%         3
 Flame Wave               Conj/Fire      11%        2d6       50%         4


Dungeon Overview and Level Annotations

Branches:
Dungeon (2/15)

Altars:

Shops:
D:1 !

Annotations:
D:2 Robin


Innate Abilities, Weirdness & Mutations

You are immune to sickness and miasma.
Your stone body is resilient. (AC +4)
You are immune to poison.
You resist negative energy. (rN+)
You are resistant to electric shocks. (rElec)
You are resistant to unholy torment.
You are immune to petrification.


Message History

The goblin barely misses you.
You conjure some foxfire!
Robin hits you from afar with a +0 spear.
The goblin closely misses you. The goblin barely misses you.
Unknown command.
Your foxfire dissipates!
Robin hits you but does no damage. The goblin barely misses you.
Items here: )))) †.
There is not enough space to conjure foxfire!
Unknown command.
You hit Robin but do no damage. Robin completely misses you.
The goblin misses you. The goblin barely misses you.
There is not enough space to conjure foxfire!
Unknown command.
You closely miss Robin. Robin hits you but does no damage.
The goblin barely misses you. x2
There is not enough space to conjure foxfire!
Unknown command.
You hit Robin but do no damage. Robin hits you with a +0 spear.
The goblin hits you with a +0 club. x2
* * * LOW HITPOINT WARNING * * *
You are too injured to fight recklessly!
Unknown command.
You barely miss Robin. Robin closely misses you.
The goblin hits you but does no damage. The goblin closely misses you.
You are too injured to fight recklessly!
Unknown command.
You hit Robin but do no damage. Robin hits you with a +0 spear.
* * * LOW HITPOINT WARNING * * *
The goblin barely misses you. The goblin hits you with a +0 club.
* * * LOW HITPOINT WARNING * * *
You are too injured to fight recklessly!
Unknown command.
You hit Robin. You burn Robin.
Robin is moderately wounded.
The goblin no longer looks unusually strong.
Robin hits you with a +0 spear.
* * * LOW HITPOINT WARNING * * *
The goblin hits you with a +0 club.
You die...

#.# ######## #.#
###......###.# .
.##.#........#### g.
.##.#........'..# g..
.##.#........##.# .g..
.##.#........##.# .....
.##.####......#g#####.[....
...............g@g).)....>.
####...#.####.#######......
####..........# ###+#
#...##.#<#.########### #.#
#...##.###.# #......####.#
#........#.#
#......+....####
#....#...#.#
#......#.......#
#....#####.#
#....†.'.......#
+..........#
#......#(......#


You could see Robin and 2 goblins.

Vanquished Creatures
  Jessica (D:2)
  Terence (D:2)
  4 adders (D:2)
  A worm (D:2)
  3 ball pythons
  3 endoplasms
  A giant cockroach (D:1)
  10 goblins
  5 hobgoblins
  4 bats (D:1)
  5 frilled lizards
  8 kobolds
  6 rats
52 creatures vanquished.

Vanquished Creatures (others)
  107 foxfires
107 creatures vanquished.

Grand Total: 159 creatures vanquished

Notes
Turn   | Place    | Note
-------+----------+-------------------------------------------
     0 | D:1      | GigaChad the Gargoyle Fire Elementalist began the quest for
                  | the Orb.
     0 | D:1      | Reached XP level 1. HP: 10/10 MP: 3/3
   174 | D:1      | Reached XP level 2. HP: 15/15 MP: 0/5
   316 | D:1      | Found Pesouj's Distillery.
   905 | D:1      | Reached XP level 3. HP: 20/20 MP: 4/6
  1281 | D:1      | Found a faded altar of an unknown god.
  1593 | D:2      | Noticed Jessica
  1618 | D:2      | Killed Jessica
  1619 | D:2      | Reached skill level 1 in Fighting
  1619 | D:2      | Reached XP level 4. HP: 3/25 MP: 1/7
  1920 | D:2      | Reached skill level 4 in Fire Magic
  1951 | D:2      | Identified the +3 dagger "Ceutirat" {flame, rPois MP+9
                  | Dex+6}
  2197 | D:2      | Noticed Terence
  2224 | D:2      | Killed Terence
  2225 | D:2      | Reached skill level 1 in Armour
  2225 | D:2      | Reached XP level 5. HP: 21/29 MP: 9/9
  2395 | D:2      | Noticed Robin
  2425 | D:2      | Slain by a goblin

Illustrated notes

Levels and vault maps discovered:
D:1:      giann_bridges, layout_loops_corners, serial_shops,
          nicolae_diamond_shop, ebering_ecumenical_altar_hall
D:2:      layout_basic, uniq_jessica, uniq_terence, uniq_robin

Skill      XL: |  1  2  3  4  5 |
---------------+----------------+-----
Fighting       | 1 |  1.5
Fire Magic     | 4 |  4.2
Armour         | 1 |  1.1
Spellcasting   | 3 |  3.0
Dodging        | |  1.9
Stealth        | |  2.6
Conjurations   | |  1.1

Action                     |  1- 3 |  4- 6 || total
---------------------------+-------+-------++-------
  Melee: Unarmed           |     9 |       ||     9
         Dagger            |    57 |    25 ||    82
         Falchion          |       |     9 ||     9
   Cast: Foxfire           |    55 |    32 ||    87
    Use: Scroll            |       |     6 ||     6
   Stab: Sleeping          |     2 |       ||     2
 Armour: Robe              |    27 |    15 ||    42
  Dodge: Dodged            |    57 |    50 ||   107
